 Dungeon Crawl Stone Soup version 0.29-a0-757-g358383bc75 (console) character file.

Game seed: 16018192213643883416

2507 om the Ducker (level 9, -1/78 HPs)
             Began as a Gargoyle Fire Elementalist on June 30, 2022.
             Slain by a yak (4 damage)
             ... on level 6 of the Dungeon.
             The game lasted 00:22:52 (8641 turns).

om the Ducker (Gargoyle Fire Elementalist)          Turns: 8641, Time: 00:22:53

Health: -1/78      AC: 19    Str: 16    XL:     9   Next: 53%
Magic:  15/15      EV: 13    Int: 16    God:
Gold:   241        SH:  0    Dex: 10    Spells: 9/16 levels left

rFire   . . .      SeeInvis .   n - +1 flail (holy)
rCold   + + .      Faith    .   (no shield)
rNeg    + . .      Spirit   .   a - +0 robe
rPois   ∞          Reflect  .   i - +0 helmet
rElec   +          Harm     .   k - +1 cloak
rCorr   .          Rampage  .   b - +2 pair of gloves "Vapeschea" {rPois rC+}
Will    .....                   (no boots)
Stlth   ..........              (no amulet)
HPRegen 0.23/turn               s - ring "Ypebiricaa" {rElec rC+ AC+4}
MPRegen 0.14/turn               l - ring of flight

@: berserking, flying, very quick
A: sickness immunity, AC +6, negative energy resistance 1, electricity
resistance, torment resistance 1, petrification resistance
a: no special abilities


You were on level 6 of the Dungeon.
You visited 1 branch of the dungeon, and saw 6 of its levels.

You collected 241 gold pieces.

Inventory:

Hand Weapons
 c - a +2 whip of freezing
 e - a +1 spear of distortion
 j - a +4 quarterstaff of chaos
 n - a +1 flail of holy wrath (weapon)
Missiles
 g - a throwing net
Armour
 a - a +0 robe (worn)
 b - the +2 pair of gloves "Vapeschea" (worn) {rPois rC+}
   (You found it on level 3 of the Dungeon)

   rC:        It protects you from cold.
   rPois:     It protects you from poison.
 i - a +0 helmet (worn)
 k - a +1 cloak (worn)
Jewellery
 l - a ring of flight (right hand)
 s - the ring "Ypebiricaa" (left hand) {rElec rC+ AC+4}
   (You found it on level 4 of the Dungeon)

   [ring of protection]

   AC:        It affects your AC (+4).
   rC:        It protects you from cold.
   rElec:     It insulates you from electricity.
Wands
 q - a wand of polymorph (9)
 r - a wand of flame (24)
 u - a wand of mindburst (10)
Scrolls
 m - 3 scrolls of enchant armour
 o - a scroll of fog
 x - a scroll of magic mapping
Potions
 d - a potion of magic
 f - 2 potions of brilliance
 h - a potion of haste
 p - a potion of might
 t - a potion of lignification
 v - a potion of flight {unknown}
 w - 2 potions of berserk rage


   Skills:
 - Level 4.0 Fighting
 - Level 5.0 Staves
 - Level 3.0 Armour
 - Level 6.0 Dodging
 - Level 3.0 Stealth
 - Level 4.0 Spellcasting
 - Level 1.1 Conjurations
 + Level 5.4 Fire Magic
 - Level 4.0 Evocations


You had 9 spell levels left.
You knew the following spells:

 Your Spells              Type           Power      Damage    Failure   Level
a - Foxfire               Conj/Fire      52%        2x1d6     4%          1
b - Scorch                Fire           40%        2d7       2%          2
c - Beastly Appendage     Tmut           6%         N/A       17%         1
d - Conjure Flame         Conj/Fire      13%        6-21      13%         3

Your spell library contained the following spells:

 Spells                   Type           Power      Damage    Failure   Level
 Necrotize                Necr           12%        1d4       17%         1
 Inner Flame              Hex/Fire       11%        N/A       17%         3
 Static Discharge         Conj/Air       4%         N/A       21%         2
 Ensorcelled Hibernation  Hex/Ice        6%         N/A       26%         2
 Wereblood                Tmut           3%         N/A       26%         2
 Flame Wave               Conj/Fire      13%        2d6       41%         4
 Spider Form              Tmut/Pois      3%         N/A       45%         3
 Vampiric Draining        Necr           3%         2d6       45%         3
 Anguish                  Hex/Necr       1%         N/A       86%         4
 Lightning Bolt           Conj/Air       2%         1d13      98%         5
 Agony                    Necr           3%         N/A       99%         5
 Maxwell's Capacitive Co  Air            1%         ∞         100%        8


Dungeon Overview and Level Annotations

Branches:
Dungeon (6/15)
 Temple: D:4-7

Altars:
Dithmenos
Makhleb
Uskayaw
Xom

Shops:
D:4 *


Innate Abilities, Weirdness & Mutations

You are immune to sickness and miasma.
Your stone body is resilient. (AC +6)
You are immune to poison.
You resist negative energy. (rN+)
You are resistant to electric shocks. (rElec)
You are resistant to unholy torment.
You are immune to petrification.


Message History

A magic dart appears from out of thin air!
The magic dart hits you.
You miss something. Something hits you.
You hear some strange, mumbled words.
Something tries to affect you, but you resist.
Something hits you.
You hear some strange, mumbled words.
Something tries to affect you, but you resist.
You miss something. The yak closely misses you. Something barely misses you.
Something hits you but does no damage.
You miss something. The yak gores you but does no damage.
Something hits you but does no damage. The yak closely misses you.
Something hits you.
Unknown command.
You closely miss something. The yak closely misses you.
Something hits you but does no damage. Something barely misses you.
The yak barely misses you.
You closely miss something. The yak misses you.
Something hits you but does no damage. x2; The yak misses you.
You miss something. The yak gores you but does no damage.
Something hits you but does no damage. x2; The yak gores you!
The yak gores you but does no damage.
Something hits you but does no damage. x2
The yak gores you!
You closely miss something. The yak completely misses you.
Something barely misses you. x2
Unknown command.
You miss something. The yak barely misses you.
Something hits you but does no damage. x2
You miss something. The yak gores you!
* * * LOW HITPOINT WARNING * * *
The yak gores you but does no damage. Something barely misses you.
Something hits you but does no damage. x2; The yak closely misses you.
Something hits you.
* * * LOW HITPOINT WARNING * * *
The yak gores you but does no damage.
It was a potion of berserk rage.
A red film seems to cover your vision as you go berserk!
You feel yourself moving faster!
You feel mighty! The yak misses you.
Something hits you but does no damage. x2; The yak gores you.
You die...

#.#.#.# #.#.########.#
#.....#####.#.########.##
#.......................#
#..#####.##.....######..#
#.. #.<.......... #..# #.
##.........## #..# #
##.......## #..#
##....{### #..#
#.....{@Y# #..#
#.#..###Y# #Yo# #.#.## Y#
#..# #.#.# Y# #..# #.#.#
Y# #..# ..#.# Y# #..# ...
o. oY.# ... .. ###


You could see 6 yaks and an orc.

Vanquished Creatures
  Pikel (D:4)
  Grinder (D:4)
  Sigmund (D:2)
  2 black bears
  3 ice beasts (D:5)
  2 ogres
  2 lemures (D:4)
  A necrophage (D:4)
  3 scorpions (D:5)
  3 killer bees (D:5)
  A howler monkey (D:4)
  2 hounds (D:4)
  2 jellies
  3 iron imps (D:4)
  3 orc priests (D:4)
  Crazy Yiuf (D:2)
  An iguana (D:4)
  4 orc wizards
  6 gnolls
  8 adders
  A white imp (D:5)
  An ufetubus (D:5)
  2 worms (D:2)
  A dart slug (D:3)
  10 orcs
  4 bats
  2 endoplasms
  5 giant cockroaches
  3 hobgoblins
  5 kobolds
  3 quokkas
  3 ball pythons
  3 frilled lizards
  6 goblins
  3 rats
102 creatures vanquished.

Vanquished Creatures (others)
  A worm (D:2)
  A kobold (D:2)
  188 foxfires
190 creatures vanquished.

Grand Total: 292 creatures vanquished

Notes
Turn   | Place    | Note
-------+----------+-------------------------------------------
     0 | D:1      | om the Gargoyle Fire Elementalist began the quest for the
                  | Orb.
     0 | D:1      | Reached XP level 1. HP: 10/10 MP: 3/3
   640 | D:1      | Reached XP level 2. HP: 9/15 MP: 1/5
   955 | D:1      | Found a faded altar of an unknown god.
  1681 | D:2      | Found a runed translucent door.
  1682 | D:2      | Noticed Crazy Yiuf
  1702 | D:2      | Killed Crazy Yiuf
  1703 | D:2      | Reached XP level 3. HP: 7/19 MP: 0/6
  2030 | D:2      | Found a hide-covered altar of Uskayaw.
  2070 | D:2      | Reached XP level 4. HP: 21/24 MP: 8/8
  2214 | D:2      | Learned a level 2 spell: Scorch
  2216 | D:2      | Learned a level 1 spell: Beastly Appendage
  2382 | D:2      | Noticed Sigmund
  2427 | D:2      | HP: 1/24 [Sigmund/+0 scythe (9)]
  2434 | D:2      | Killed Sigmund
  2435 | D:2      | Reached skill level 5 in Fire Magic
  2435 | D:2      | Reached skill level 2 in Dodging
  2435 | D:2      | Reached XP level 5. HP: 19/32 MP: 4/9
  2435 | D:2      | Reached XP level 6. HP: 22/37 MP: 4/10
  2950 | D:3      | Found a shadowy altar of Dithmenos.
  3363 | D:3      | Learned a level 3 spell: Conjure Flame
  3649 | D:3      | Identified the +2 pair of gloves "Vapeschea" {rPois rC+}
  3846 | D:4      | Reached skill level 3 in Dodging
  3846 | D:4      | Reached skill level 1 in Evocations
  3940 | D:4      | Noticed Grinder
  3940 | D:4      | Noticed Blork the orc
  3941 | D:4      | Noticed Blork
  3941 | D:4      | Blork the orc changed into Blork the howler monkey
  3947 | D:4      | Killed Blork the howler monkey
  3968 | D:4      | Paralysed by Grinder for 2 turns
  3971 | D:4      | Killed Grinder
  3972 | D:4      | Reached XP level 7. HP: 38/41 MP: 1/11
  4033 | D:4      | Noticed Edmund
  4038 | D:4      | Noticed Edmund
  4038 | D:4      | Edmund changed into Edmund the frilled lizard
  4040 | D:4      | Killed Edmund the frilled lizard
  4107 | D:4      | Reached skill level 1 in Staves
  4525 | D:4      | Noticed Ijyb
  4534 | D:4      | Noticed Ijyb
  4534 | D:4      | Ijyb changed into Ijyb the hound
  4545 | D:4      | Killed Ijyb the hound
  4690 | D:4      | Reached XP level 8. HP: 37/46 MP: 3/12
  5114 | D:4      | Found Poimamp's Gadget Gallery.
  5147 | D:4      | Identified the ring "Ypebiricaa" {rElec rC+ AC+4}
  5970 | D:4      | Noticed Pikel
  5991 | D:4      | Killed Pikel
  5992 | D:4      | Reached skill level 5 in Staves
  5992 | D:4      | Reached skill level 4 in Dodging
  6195 | D:4      | Found a burning altar of Makhleb.
  6893 | D:5      | Entered Level 5 of the Dungeon
  6976 | D:5      | Reached skill level 5 in Dodging
  6976 | D:5      | Reached XP level 9. HP: 44/50 MP: 8/13
  7150 | D:5      | Reached skill level 6 in Dodging
  7752 | D:5      | Found a shimmering altar of Xom.
  8640 | D:6      | HP: 2/52 [something (5)]
  8641 | D:6      | Slain by a yak

Illustrated notes

Levels and vault maps discovered:
D:1:      doesnt_arrival_eight_statues, layout_basic, basic_ecumenical_altar
D:2:      layout_loops_ring, basic_altar, st_stairs_3, uniq_crazy_yiuf_cottage,
          uniq_sigmund
D:3:      layout_loops_corners, grunt_dithmenos_smoke_and_mirrors
D:4:      layout_basic, demons_altar, nicolae_shop_gadgets, uniq_edmund,
          uniq_pikel, uniq_blork_the_orc, uniq_ijyb, uniq_grinder
D:5:      layout_rooms, mainiacjoe_overflow_six_doors_small,
          kennysheep_another_room, nicolae_sextant
D:6:      layout_loops_ring, marbit_many_paths, minmay_temple_entry_from_below_b

Skill      XL: |  1  2  3  4  5  6  7  8  9 |
---------------+----------------------------+-----
Fire Magic     | 4 5 |  5.4
Spellcasting   | 3 4 |  4.0
Fighting       | 3 4 |  4.0
Dodging        | 2 3 5 6 |  6.0
Evocations     | 3 4 |  4.0
Staves         | 3 5 |  5.0
Armour         | 3 |  3.0
Stealth        | 3 |  3.0
Conjurations   | |  1.1

Action                   |  1- 3 |  4- 6 |  7- 9 || total
-------------------------+-------+-------+-------++-------
Melee: Unarmed           |     5 |       |       ||     5
       Club              |    15 |       |       ||    15
       Spear             |    13 |       |       ||    13
       Quarterstaff      |     2 |    60 |    64 ||   126
       Flail             |       |       |    58 ||    58
       Kick              |       |       |     5 ||     5
       Headbutt          |       |       |     3 ||     3
 Cast: Foxfire           |    28 |    27 |    55 ||   110
       Scorch            |       |    16 |    61 ||    77
       Conjure Flame     |       |       |    11 ||    11
       Beastly Appendage |       |       |     3 ||     3
Evoke: Wand              |       |     1 |     2 ||     3
  Use: Scroll            |     1 |     5 |     7 ||    13
       Potion            |       |     2 |     2 ||     4
 Stab: Sleeping          |     1 |       |       ||     1
Armor: Robe              |    15 |    32 |   112 ||   159
Dodge: Dodged            |    25 |    51 |   123 ||   199

Table legend: (Time is in decaauts)
 A = Elapsed time spent in this place.
 B = Non-inter-level travel time spent in this place.
 C = Inter-level travel time spent in this place.
 D = Time resting spent in this place.
 E = Time spent auto-exploring this place.
 F = Levels seen in this place.
 G = Mean time per level.
                   A        B        C        D        E       F      G
               +--------+--------+--------+--------+--------+-----+--------+
         Total |   8668 |   8429 |    239 |   2800 |   4091 |   6 | 1444.7 |
       Dungeon |   8668 |   8429 |    239 |   2800 |   4091 |   6 | 1444.7 |
               +--------+--------+--------+--------+--------+-----+--------+

Top non-repeatable levels by time:
     D:4: 2823 daAuts
     D:1: 1628 daAuts
     D:5: 1301 daAuts
     D:2: 1254 daAuts
     D:3: 1199 daAuts
     D:6: 461 daAuts
